Unix NetHack Version 5.0.0-0 post-release - last build Jul 14 2026 02:55:29 (1809b74e8187c3a3585e283601c3028b46cbbdcb,branch:main).

Game began 2026-07-16 19:57:04, ended 2026-07-16 20:18:54.

Jinnora, neutral female human Wizard

                        --------------------------------        --------
                        |..............................|        ..<....|
                        |.------+--------------..-----.|#       |......|
                        |.|....   |...|       |..|   |.|#       ----.---
                        |.|..     |...|       +@f|  .|.-##          #
                        |.-|------|...|+------|h.-...|.|#         ###
                        |.........|...|.|..|..|.-----|.|#         #
                        |.----....-|---.|..|..|B|....|.|#         #
                        -.|..-...^...{..-|-|..|.|.._.|.|#         #
                        |.|..|.............-|--.|....|.|#########)#
                        |.|-----|-.----|--......-....|.|      ---)------
                        |.|    ..|.+  |..--|---------|.|      |........|
                        |.|  |(((|.|  |..|... |{.|%%.|.|      |........|
                        |.|  |.((|.---|..|....|..|!%.-.|      |....^...|
                        |.-- -----..{.---------|------.|      |.....>..|
                        |......................).).....|      |........|
                        --------------------------------      ----------

Jinnora the Thaumaturge   St:11 Dx:13 Co:15 In:18 Wi:10 Ch:12  Neutral
Dlvl:6  $:48 HP:0(33) Pw:7(36) AC:9  Xp:6/451 T:2197 

Latest messages:
 J - 10 uncursed darts.
 z - an uncursed runed dagger.
 C - 2 uncursed daggers.
 o - 4 uncursed food rations.
 G - an uncursed fortune cookie.
 t - a cursed fortune cookie.
 K - an uncursed lembas wafer.
 r - an uncursed tripe ration.
 w - an uncursed lichen corpse.
 x - an uncursed scroll labeled KERNOD WEL.
 B - an uncursed scroll labeled TEMOV.
 p - 2 uncursed sky blue potions.
 v - an uncursed white potion.
 F - a blessed potion of extra healing.
 q - an uncursed wand called jewel nm.
 y - an uncursed wand called long stop.
 D - an uncursed wand called poly.
 N - an uncursed wand of create monster.
 O - an uncursed figurine of a raven.
 L - an uncursed magic whistle.
 I - an uncursed blue gem.
 M - 2 uncursed green gems.
 H - 2 uncursed violet gems.
 Moving the altar would be a very bad idea.
 The iguana bites!
 You miss the iguana.
 The iguana bites!
 You hit the iguana.
 You hit the iguana!
 You hit the iguana.
 The iguana bites!
 You kill the iguana!
 Your kitten eats an iguana corpse.
 You swap places with your kitten.
 You swap places with your kitten.
 You swap places with your kitten.
 You swap places with your kitten.
 The dwarf thrusts his broad short sword.
 The dwarf hits!
 You miss the dwarf.
 The dwarf thrusts his broad short sword.
 The dwarf hits!
 You miss the dwarf.
 The dwarf thrusts his broad short sword.
 The dwarf hits!
 You hit the dwarf.
 The dwarf thrusts his broad short sword.
 The dwarf hits!
 You die...
 Do you want your possessions identified? [ynq] (y) q

Inventory:
 Coins    ('$')
  $ - 48 gold pieces
 Weapons  (')')
  J - 10 uncursed +0 darts
  C - 2 uncursed +0 daggers
  z - an uncursed +0 elven dagger
  a - a blessed +1 quarterstaff (weapon in hands)
 Armor    ('[')
  b - an uncursed +0 cloak of magic resistance (being worn)
 Comestibles  ('%')
  o - 4 uncursed food rations
  G - an uncursed fortune cookie
  t - a cursed fortune cookie
  K - an uncursed lembas wafer
  r - an uncursed tripe ration
  w - an uncursed lichen corpse
 Scrolls  ('?')
  i - 2 uncursed scrolls of confuse monster
  x - an uncursed scroll of food detection
  B - an uncursed scroll of gold detection
  j - 2 uncursed scrolls of identify
  k - an uncursed scroll of teleportation
 Potions  ('!')
  p - 2 uncursed potions of confusion
  F - a blessed potion of extra healing
  g - an uncursed potion of extra healing
  h - 2 uncursed potions of healing
  v - an uncursed potion of levitation
  f - an uncursed potion of water
 Rings    ('=')
  e - an uncursed +3 ring of gain strength
  d - an uncursed ring of searching
 Wands    ('/')
  N - an uncursed wand of create monster (0:12)
  q - an uncursed wand of locking (0:7)
  D - an uncursed wand of polymorph (0:4)
  y - an uncursed wand of sleep (0:3)
  c - an uncursed wand of slow monster (0:8)
 Tools    ('(')
  O - an uncursed figurine of a raven
  n - an uncursed magic marker (0:22)
  L - an uncursed magic whistle
 Gems/Stones  ('*')
  I - an uncursed worthless piece of blue glass
  M - 2 uncursed worthless pieces of green glass
  H - 2 uncursed worthless pieces of violet glass

Jinnora the Wizard's attributes:

Background:
 You were a Thaumaturge, a level 6 female human Wizard.
 You were neutral, on a mission for Thoth
 who was opposed by Ptah (lawful) and Anhur (chaotic).
 You were left-handed.
 You were in the Gnomish Mines, on level 6.
 You entered the dungeon 2197 turns ago.
 There was a new moon in effect when your adventure ended.
 You had 451 experience points, 189 more were needed to attain level 7.

Basics:
 You had 0 out of 33 hit points.
 You had 7 out of 36 energy points (spell power).
 Your armor class was 9.
 Your wallet contained 48 zorkmids.
 Autopickup was off.

Final Characteristics:
 Your strength was 11 (limit:18/100).
 Your dexterity was 13 (limit:18).
 Your constitution was 15 (limit:18).
 Your intelligence was 18 (limit:18).
 Your wisdom was 10 (limit:18).
 Your charisma was 12 (limit:18).

Final Status:
 You weren't hungry.
 You were unencumbered.
 You were wielding a quarterstaff.
 You had basic skill with quarterstaff.

Final Attributes:
 You were piously aligned.
 You were magic-protected.
 You were warded.
 You were unlucky.
 You are dead.

Miscellaneous:
 You didn't encounter any bones levels.
 Total elapsed playing time was 21 minutes and 50 seconds.

Major events:
 Turn
    1: Jinnora the neutral female human Wizard entered the dungeon
  608: entered the Gnomish Mines
  655: attained the rank of Conjurer (level 3)
 1852: attained the rank of Thaumaturge (level 6)
 2043: reached Mine Town
 2197: killed by a dwarf

Spells:
 Name                 Level Category     Fail Retention
 force bolt             1   attack         0%   81%-90%
 chain lightning        2   attack         0%   81%-90%
 teleport away          6   escape        98%  76%-100%

Skills:
 Fighting Skills
   bare handed combat [Unskilled]
   riding             [Unskilled]
 Weapon Skills
   dagger             [Unskilled]
   knife              [Unskilled]
   axe                [Unskilled]
   short sword        [Unskilled]
   club               [Unskilled]
   mace               [Unskilled]
   quarterstaff       [Basic]
   polearms           [Unskilled]
   spear              [Unskilled]
   trident            [Unskilled]
   sling              [Unskilled]
   dart               [Unskilled]
   shuriken           [Unskilled]
 Spellcasting Skills
   attack spells      [Basic]
   healing spells     [Unskilled]
   divination spells  [Unskilled]
   enchantment spells [Basic]
   clerical spells    [Unskilled]
   escape spells      [Unskilled]
   matter spells      [Unskilled]

Voluntary challenges:
 Character rerolling was not enabled.
 You never genocided any monsters.
 You never polymorphed an object.
 You never changed form.
 You used no wishes.
Achievements:
 You entered a shop.
 You entered the Gnomish Mines.
 You attained the rank of Conjurer.
 You attained the rank of Thaumaturge.
 You entered Minetown.
 You entered a temple.

 The Dungeons of Doom: levels 1 to 4
    Level 1:
    Level 2:
    Level 3:
       A general store.
       Stairs down to The Gnomish Mines.
    Level 4:
 The Gnomish Mines: levels 4 to 7
    Level 4:
    Level 5:
    Level 6: <- You were here.
       A temple and an altar, some fountains, a sink.
       Final resting place for
          you, killed by a dwarf.
    Level 7:


Vanquished creatures:
  a dingo
 an imp
  a wood nymph
  a rock mole
  a fog cloud
  a yellow light
  4 gnome leaders
  a gnomish wizard
  4 dwarves
  a homunculus
  3 rothes
  a monkey
  a wererat
 an iguana
  a gas spore
  a hobbit
  2 large kobolds
  2 cave spiders
  a yellow mold
  a green mold
  a red mold
 22 gnomes
  a gecko
  4 jackals
  a fox
  a kobold
  4 grid bugs
  3 lichens
  a newt
68 creatures vanquished.

No species were genocided or became extinct.

Game over:
                       ----------
                      /          \
                     /    REST    \
                    /      IN      \
                   /     PEACE      \
                  /                  \
                  |     Jinnora      |
                  |      48 Au       |
                  |   killed by a    |
                  |      dwarf       |
                  |                  |
                  |                  |
                  |       2026       |
                 *|     *  *  *      | *
        _________)/\\_//(\/(/\)/\//\/|_)_______

Goodbye Jinnora the Wizard...

You died in The Gnomish Mines on dungeon level 6 with 2148 points,
and 48 pieces of gold, after 2197 moves.
You were level 6 with a maximum of 33 hit points when you died.

